 Dungeon Crawl Stone Soup version 0.25.1-8-g42b30a86e7 (webtiles) character file.

Game seed: 3351290324966601138

2172 funkygono the Destroyer (level 9, -1/68 HPs)
             Began as a Pale Draconian Conjurer on Dec 16, 2020.
             Was a Follower of Sif Muna.
             Slain by a two-headed ogre
             ... wielding a +0 giant club
              (8 damage)
             ... on level 8 of the Dungeon.
             The game lasted 00:14:10 (8966 turns).

funkygono the Destroyer (Pale Draconian Conjurer)   Turns: 8966, Time: 00:14:11

Health: -1/68      AC: 13    Str: 12    XL:     9   Next: 11%
Magic:  13/19      EV: 13    Int: 17    God:    Sif Muna [*.....]
Gold:   411        SH:  0    Dex: 12    Spells: 18/21 levels left

rFire    . . .     SeeInvis .   e - staff of earth
rCold    . . .     Gourm    .   (no shield)
rNeg     . . .     Faith    .   (armour unavailable)
rPois    .         Spirit   .   (helmet restricted)
rElec    .         Reflect  .   i - +2 cloak
rCorr    .         Harm     .   (no gloves)
MR       .....                  n - +2 pair of boots
Stlth    ++........             (no amulet)
HPRegen  0.21/turn              a - ring of flight
MPRegen  0.16/turn              (no ring)

@: no status effects
A: breathe steam, unfitting armour, cold-blooded, AC +7
a: Breathe Steam, Channel Magic, Renounce Religion, Evoke Flight


You were on level 8 of the Dungeon.
You worshipped Sif Muna.
Sif Muna was aware of your devotion.
You were not hungry.

You visited 1 branch of the dungeon, and saw 8 of its levels.

You collected 411 gold pieces.

Inventory:

Hand Weapons
 c - a +0 club of electrocution
Missiles
 l - 190 stones (quivered)
Armour
 i - a +2 cloak (worn)
 n - a +2 pair of boots (worn)
Magical Staves
 e - an uncursed staff of earth (weapon)
Jewellery
 a - a ring of flight (left hand)
Wands
 j - a wand of flame (1)
 w - a wand of enslavement (11)
Scrolls
 f - 2 scrolls of blinking
 o - a scroll of fear
 q - 2 scrolls of teleportation
 r - 4 scrolls of remove curse
 u - a scroll of amnesia
Potions
 d - 2 potions of lignification
 g - 4 potions of brilliance
 h - a potion of berserk rage
 k - 2 potions of heal wounds
 m - 2 potions of stabbing
 s - a potion of might {unknown}
 t - 2 potions of curing
Comestibles
 b - 11 rations
 p - 3 chunks of flesh


   Skills:
 + Level 2.3 Fighting
 + Level 1.3(1.8) Maces & Flails
 + Level 1.7(2.0) Staves
 + Level 4.0 Dodging
 - Level 1.7 Stealth
 + Level 6.9 Spellcasting
 + Level 8.6 Conjurations
 + Level 2.2 Evocations


You had 18 spell levels left.
You knew the following spells:

 Your Spells              Type           Power        Failure   Level  Hunger
a - Magic Dart            Conj           ####         1%          1    None
b - Searing Ray           Conj           #####.       1%          2    None

Your spell library contained the following spells:

 Spells                   Type           Power        Failure   Level  Hunger
 Dazzling Flash           Conj/Hex       ###...       6%          3    ##.....
 Fulminant Prism          Conj/Hex       ###.......   21%         4    ####...
 Iskenderun's Mystic Bla  Conj/Tloc      ###.....     21%         4    ####...


Dungeon Overview and Level Annotations

Branches:
Dungeon (8/15)             Temple (0/1) D:5
   Lair: D:8-11

Altars:
Cheibriados
Gozag
Ru
Sif Muna
Trog
Yredelemnul
The Shining One

Shops:
D:6 [


Innate Abilities, Weirdness & Mutations

You can breathe blasts of scalding, opaque steam.
Your pale cyan-grey scales are hard. (AC +7)
You cannot fit into any form of body armour.
You are cold-blooded and may be slowed by cold attacks.


Message History

The two-headed ogre is almost dead.
You finish channeling your searing ray.
The two-headed ogre hits you with a +0 giant club!
The two-headed ogre hits you with a +0 giant spiked club.
You hit the two-headed ogre.
The two-headed ogre is almost dead.
The two-headed ogre hits you with a +0 giant club!!
The two-headed ogre barely misses you.
You hit the two-headed ogre.
The two-headed ogre is almost dead.
You hit the two-headed ogre but do no damage.
The two-headed ogre is almost dead.
The two-headed ogre completely misses you.
The two-headed ogre hits you but does no damage.
You hit the two-headed ogre but do no damage.
The two-headed ogre is almost dead.
The two-headed ogre hits you with a +0 giant club!
* * * LOW HITPOINT WARNING * * *
The two-headed ogre hits you with a +0 giant spiked club!
You die...

. .. # ...
#.# .... ..
....O#####.#
....Z......#
#########.#
#......@O.#
#.#######.#
######.# ###
#<.....#
##.....#
#.###.# #.#
#.# #.# #.#
#.# #..


You could see a two-headed ogre.

Vanquished Creatures
  A two-headed ogre (D:8)
  Grinder (D:5)
  Purgy (D:3)
  A sky beast (D:6)
  4 phantoms
  A centaur (D:5)
  3 scorpions
  A centaur zombie (D:5)
  2 crimson imps (D:6)
  2 bullfrog skeletons (D:7)
  A hound (D:7)
  Jessica (D:2)
  7 worker ants
  A worker ant zombie (D:4)
  7 adders
  A shadow imp (D:6)
  An ooze (D:2)
  An adder skeleton (D:6)
  2 worms
  4 dart slugs
  5 leopard geckos
  4 orcs
  6 bats
  7 giant cockroaches
  4 goblins
  9 hobgoblins
  5 jackals
  3 quokkas
  A ball python (D:1)
  3 frilled lizards
  4 goblin skeletons (D:6)
  A jackal zombie (D:8)
  4 kobolds
  A kobold skeleton (D:6)
  3 orc skeletons (D:6)
  2 orc zombies (D:6)
  A quokka zombie (D:7)
  5 rats
111 creatures vanquished.

Notes
Turn   | Place    | Note
-------+----------+-------------------------------------------
     0 | D:1      | funkygono the Draconian Conjurer began the quest for the
                  | Orb.
     0 | D:1      | Reached XP level 1. HP: 14/14 MP: 3/3
   146 | D:1      | Reached XP level 2. HP: 20/20 MP: 0/5
   150 | D:1      | Learned a level 2 spell: Searing Ray
  1330 | D:1      | Reached XP level 3. HP: 26/26 MP: 3/6
  1850 | D:2      | HP: 1/26 [worm (3)]
  2304 | D:2      | Reached skill level 5 in Conjurations
  2439 | D:2      | Noticed Jessica
  2443 | D:2      | Killed Jessica
  2443 | D:2      | Reached XP level 4. HP: 34/34 MP: 2/7
  3008 | D:3      | Noticed Purgy
  3017 | D:3      | Killed Purgy
  3017 | D:3      | Reached skill level 1 in Fighting
  3017 | D:3      | Reached skill level 1 in Maces & Flails
  3017 | D:3      | Reached XP level 5. HP: 29/40 MP: 1/10
  3128 | D:3      | Found a shimmering blue altar of Sif Muna.
  3128 | D:3      | Found a faded altar of an unknown god.
  3138 | D:3      | Found a faded altar of an unknown god.
  3140 | D:3      | Became a worshipper of Sif Muna the Loreminder
  3165 | D:3      | Found a basalt altar of Yredelemnul.
  3167 | D:3      | Found a snail-covered altar of Cheibriados.
  4157 | D:4      | You fall into a shaft and drop 2 floors!
  4191 | D:6      | Noticed a sky beast
  4219 | D:6      | HP: 1/40 [something (6)]
  4223 | D:6      | Killed a sky beast
  4223 | D:6      | Reached XP level 6. HP: 13/47 MP: 0/11
  4636 | D:6      | Reached skill level 6 in Conjurations
  4903 | D:5      | Entered Level 5 of the Dungeon
  5012 | D:5      | Found a staircase to the Ecumenical Temple.
  5250 | D:4      | Your scales start taking on a pale cyan-grey colour.
  5250 | D:4      | Reached XP level 7. HP: 47/52 MP: 7/13
  5944 | D:5      | Noticed Grinder
  5957 | D:5      | Killed Grinder
  6227 | D:5      | Reached skill level 5 in Spellcasting
  6227 | D:5      | Reached skill level 7 in Conjurations
  6332 | D:5      | Found a bloodstained altar of Trog.
  6349 | D:5      | Found an opulent altar of Gozag.
  6555 | D:5      | Found a sacrificial altar of Ru.
  6737 | D:6      | Reached skill level 1 in Evocations
  6821 | D:6      | Reached XP level 8. HP: 61/61 MP: 7/15
  6878 | D:6      | Found a glowing golden altar of the Shining One.
  7108 | D:6      | Reached skill level 1 in Staves
  7637 | D:6      | Found Ungio's Armour Shop.
  8878 | D:8      | Noticed a two-headed ogre
  8893 | D:8      | Killed a two-headed ogre
  8893 | D:8      | Reached * piety under Sif Muna
  8893 | D:8      | Reached skill level 8 in Conjurations
  8893 | D:8      | Reached XP level 9. HP: 46/68 MP: 6/19
  8958 | D:8      | Noticed a two-headed ogre
  8966 | D:8      | Slain by a two-headed ogre

Illustrated notes

Levels and vault maps discovered:
D:1:      minmay_arrival_three_doors, layout_loops_cross,
          chequers_serial_rivers_large_b
D:2:      layout_basic, uniq_jessica
D:3:      layout_loops_ring, chequers_temple_overflow_minitemple, uniq_purgy
D:4:      layout_gridville
D:5:      layout_basic, hangedman_ru_absence, lemuel_crystal_altar,
          minmay_temple_entry_glass, first_ration,
          nicolae_gozag_cash_rules_everything_around_me, uniq_grinder
D:6:      layout_basic, nicolae_tso_besieged_by_evil, serial_shops,
          nicolae_shop_trees
D:7:      layout_loops_cross
D:8:      layout_basic, gup_ossuary_entry_pyramid, serial_shops,
          nicolae_shop_competitors_out_of_business, grunt_livestock,
          hex_intersection, st_stairs_6, uniq_maggie

Skill      XL: |  1  2  3  4  5  6  7  8 |
---------------+-------------------------+-----
Dodging        | 2 3 4 |  4.0
Conjurations   | 5 6 7 8 |  8.6
Fighting       | 1 2 |  2.3
Maces & Flails | 1 |  1.3
Spellcasting   | 3 4 5 6 |  6.9
Evocations     | 1 2 |  2.2
Staves         | 1 |  1.7
Stealth        | |  1.7

Action                   |  1- 3 |  4- 6 |  7- 9 || total
-------------------------+-------+-------+-------++-------
Melee: Club              |    47 |     9 |       ||    56
       Unarmed           |     3 |       |       ||     3
       Tailslap          |     4 |     4 |       ||     8
       Staff             |       |    37 |    15 ||    52
 Cast: Magic Dart        |    61 |    50 |    71 ||   182
       Searing Ray       |     6 |    18 |    29 ||    53
Evoke: Wand              |       |       |     7 ||     7
  Use: Scroll            |     4 |     7 |     9 ||    20
       Potion            |       |     2 |       ||     2
 Stab: Sleeping          |       |     1 |       ||     1
  Eat: Chunk             |     6 |     9 |     7 ||    22
       Ration            |       |       |     2 ||     2
Armor: Skin              |    15 |    28 |    16 ||    59
Dodge: Dodged            |    38 |    26 |    26 ||    90
